 Dungeon Crawl Stone Soup version 0.29-a0-334-gb41bcbb86e (webtiles) character file.

Game seed: 9031578583862052447

6220 siradein the Digger (level 10, -9/83 HPs)
             Began as a Troll Earth Elementalist on Apr 13, 2022.
             Was a Priest of Hepliaklqana.
             Mangled by a vampire mosquito (10 damage)
             ... on level 9 of the Dungeon on Apr 14, 2022.
             The game lasted 00:47:10 (7961 turns).

siradein the Digger (Troll Earth Elementalist)      Turns: 7961, Time: 00:47:10

Health: -9/83      AC:  9    Str: 24    XL:     10   Next: 61%
Magic:  1/15       EV: 14    Int: 21    God:    Hepliaklqana [***...]
Gold:   657        SH:  0    Dex: 24    Spells: 10/18 levels left

rFire   . . .      SeeInvis .   J - +8 falchion of Faagh {flame, Fragile rN+ Int+3 Dex+6}
rCold   . . .      Faith    .   (no shield)
rNeg    + . .      Spirit   .   L - +2 robe of Zealous Life {Int+3}
rPois   .          Reflect  .   o - +2 hat
rElec   +          Harm     .   B - +0 cloak
rCorr   .          Rampage  .   (gloves unavailable)
Will    .....                   (boots unavailable)
Stlth   ++........              (no amulet)
HPRegen 1.03/turn               j - +6 ring of strength
MPRegen 0.14/turn               d - +6 ring of dexterity

@: very slightly contaminated, studying Summonings
A: reduced essence, large, unfitting armour, claws 3, regeneration 1, shaggy fur
1, tough skin 1, agile 1, electricity resistance
a: Renounce Religion, Recall Ancestor, Ancestor Identity, Transference


You were on level 9 of the Dungeon.
You worshipped Hepliaklqana.
Hepliaklqana was most pleased with you.
You visited 2 branches of the dungeon, and saw 11 of its levels.

You collected 657 gold pieces.

Inventory:

Hand Weapons
 b - a +0 vampiric whip
 m - the +10 rapier of Destruction {drain, rPois}
   (You found it on level 2 of the Dungeon)

   A truly terrible weapon, it drains the life of any living foe it strikes.
   rPois:     It protects you from poison.
 D - the +3 long sword "Daklari" {venom, Str+2}
   (You found it on level 6 of the Dungeon)

   It poisons the flesh of those it strikes.
   Str:       It affects your strength (+2).
 J - the +8 falchion of Faagh (weapon) {flame, Fragile rN+ Int+3 Dex+6}
   (You found it on level 8 of the Dungeon)

   It burns those it strikes, dealing additional fire damage.
   Big, fiery blades are also staple armaments of hydra-hunters.
   Int:       It affects your intelligence (+3).
   Dex:       It affects your dexterity (+6).
   rN:        It protects you from negative energy.
   Fragile:   It will be destroyed if unequipped.
Missiles
 a - 201 stones
 w - a throwing net
Armour
 o - a +2 hat (worn)
 B - a +0 cloak (worn)
 L - the +2 robe of Zealous Life (worn) {Int+3}
   (You found it on level 8 of the Dungeon)

   Int:       It affects your intelligence (+3).
Magical Staves
 g - a staff of air
Jewellery
 d - a +6 ring of dexterity (right claw)
 j - a +6 ring of strength (left claw)
 k - a ring of protection from cold
 q - a ring of protection from cold
Wands
 p - a wand of paralysis (5)
 C - a wand of charming (10)
 N - a wand of acid (5)
Scrolls
 i - a scroll of blinking
 l - 4 scrolls of enchant weapon
 n - a scroll of torment {unknown}
 r - a scroll of holy word {unknown}
 s - 2 scrolls of fear {unknown}
 t - 4 scrolls of teleportation {unknown}
 x - 2 scrolls of amnesia {unknown}
 y - 4 scrolls of magic mapping
 E - a scroll of acquirement {unknown}
 H - 3 scrolls of fog
 I - 3 scrolls of immolation
 M - a scroll of enchant armour
Potions
 c - 3 potions of magic
 e - 3 potions of heal wounds
 f - 2 potions of ambrosia
 h - 3 potions of might
 u - a potion of haste
 v - a potion of resistance {unknown}
 z - a potion of flight {unknown}
 A - 2 potions of mutation
 F - a potion of brilliance {unknown}
 G - a potion of degeneration {unknown}
 K - a potion of curing {unknown}


   Skills:
 + Level 4.3 Fighting
 + Level 5.9 Dodging
 - Level 1.0 Stealth
 + Level 4.5 Spellcasting
 + Level 3.8 Translocations
 + Level 5.2 Transmutations
 + Level 6.9 Earth Magic
 + Level 3.1 Invocations


You had 10 spell levels left.
You knew the following spells:

 Your Spells              Type           Power      Damage    Failure   Level
a - Sandblast             Erth           66%        2d15      1%          1
b - Passwall              Tmut/Erth      25%        N/A       1%          2
c - Stone Arrow           Conj/Erth      38%        3d9       9%          3
d - Blink                 Tloc           40%        N/A       3%          2

Your spell library contained the following spells:

 Spells                   Type           Power      Damage    Failure   Level
 Petrify                  Tmut/Erth      30%        N/A       10%         4
 Portal Projectile        Hex/Tloc       24%        N/A       16%         3
 Ensorcelled Hibernation  Hex/Ice        8%         N/A       17%         2
 Sublimation of Blood     Necr           4%         N/A       17%         2
 Passage of Golubria      Tloc           20%        N/A       24%         4
 Leda's Liquefaction      Hex/Erth       9%         N/A       26%         4
 Call Canine Familiar     Summ           4%         N/A       34%         3
 Ozocubu's Armour         Ice            4%         N/A       34%         3
 Swiftness                Air            4%         N/A       34%         3
 Tukima's Dance           Hex            4%         N/A       34%         3
 Blade Hands              Tmut           13%        N/A       34%         5
 Manifold Assault         Tloc           20%        N/A       54%         5
 Irradiate                Conj/Tmut      7%         3d15      71%         5
 Yara's Violent Unravell  Hex/Tmut       7%         3d5       71%         5
 Animate Dead             Necr           2%         N/A       75%         4
 Metabolic Englaciation   Hex/Ice        2%         N/A       97%         5
 Simulacrum               Ice/Necr       2%         N/A       100%        6
 Dragon Form              Tmut           13%        N/A       100%        7
 Haunt                    Necr/Summ      2%         N/A       100%        7
 Storm Form               Tmut/Air       7%         N/A       100%        7
 Infestation              Necr           2%         N/A       100%        8


Dungeon Overview and Level Annotations

Branches:
Dungeon (10/15)            Temple (1/1) D:4             Orc (0/2) D:9
   Lair: D:8-11

Altars:
Ashenzari
Cheibriados
Dithmenos
Elyvilon
Fedhas
Gozag
Hepliaklqana
Kikubaaqudgha
Makhleb
Nemelex Xobeh
Okawaru
Qazlal
Ru
Sif Muna
Trog
Uskayaw
Vehumet
Wu Jian
Xom
Yredelemnul
Zin
The Shining One

Shops:
D:6 :

Annotations:
D:7 2 transporters, Cecur's ghost, novice OpTm
D:9 Maurice


Innate Abilities, Weirdness & Mutations

Your life essence is reduced to manifest your ancestor. (-10% HP)
You are too large for most types of armour.
You have claws for hands.
Your natural rate of healing is unusually fast.
You are covered in fur. (AC +1)
You have tough skin. (AC +1)
You are agile. (Dex +2)
You are resistant to electric shocks. (rElec)


Message History

The vampire mosquito closely misses you.
The vampire mosquito bites you.
* * * LOW HITPOINT WARNING * * *
Master Baiter closely misses the vampire mosquito.
Aiming: Stone Arrow (dangerous; 9% risk of failure)
Press: ? - help, Q - select action, (/) - cycle Shift-Dir - straight line, f/p - vampire mosquito
Aim: a vampire mosquito (heavily damaged, 48% to hit)
The stone arrow hits the vampire mosquito!
The vampire mosquito is almost destroyed.
The vampire mosquito bites you.
* * * LOW HITPOINT WARNING * * *
The vampire mosquito draws strength from your injuries!
The vampire mosquito bites you.
* * * LOW HITPOINT WARNING * * *
Master Baiter casts a spell at the vampire mosquito.
The vampire mosquito resists with some effort.
The vampire mosquito misses you. The vampire mosquito barely misses you.
You don't have enough magic to cast this spell.
You don't have enough magic to cast this spell.
Unknown command.
You completely miss the vampire mosquito.
The vampire mosquito is almost destroyed.
The vampire mosquito barely misses you. The vampire mosquito bites you.
* * * LOW HITPOINT WARNING * * *
The vampire mosquito draws strength from your injuries!
Master Baiter closely misses the vampire mosquito.
The vampire mosquito barely misses you.
The vampire mosquito closely misses you.
Master Baiter completely misses the vampire mosquito.
Unknown command.
You closely miss the vampire mosquito.
The vampire mosquito is almost destroyed.
The vampire mosquito bites you but does no damage.
The vampire mosquito bites you!
* * * LOW HITPOINT WARNING * * *
The vampire mosquito draws strength from your injuries!
The vampire mosquito completely misses you.
Master Baiter barely misses the vampire mosquito.
The vampire mosquito bites you!
You die...

#.......)..#
###............# ##.
..########## ####.#########
## ≈≈≈≈≈#.### #.##
..####...# #..# .#######.##
##.# # .##.......# #.# #
..........######## #.# #
#.#..........>.y.###.## #
#.#.......######@yR#..#####
# #.#.....<.#
###........##### #
#.#.......# ####.###.....#
# ..#...[...# #.# #####.###
######.#### #.## #...' #.#
#..### ##### ##.# ##...# #
#..# ########'## ##
##.###### #.........#### #.


You could see the friendly Master Baiter the hexer and 2 vampire mosquitoes.

Vanquished Creatures
  Joseph (D:9)
  Psyche (D:9)
  A shadow (D:10)
  A wyvern (D:6)
  A steam dragon (D:8)
  2 wraiths
  Menkaure (D:7)
  5 water moccasins (D:10)
  An ice beast (D:5)
  3 orc warriors (D:9)
  A centaur (D:9)
  An ogre (D:6)
  2 scorpions
  A necrophage (D:5)
  2 wights (D:7)
  3 killer bees (D:10)
  8 howler monkeys
  3 crimson imps (D:7)
  3 jellies
  10 orc priests
  2 hounds (D:6)
  Crazy Yiuf (D:4)
  2 iguanas
  9 orc wizards
  2 gnolls
  7 adders
  A shadow imp (D:5)
  A white imp (D:3)
  An ufetubus (D:7)
  A worm (D:4)
  A dart slug (D:3)
  27 orcs
  7 ball pythons
  4 bats
  An endoplasm (D:2)
  3 giant cockroaches
  A goblin (D:4)
  4 hobgoblins
  3 jackals (D:1)
  4 quokkas
  3 frilled lizards
  3 kobolds
  2 rats (D:1)
141 creatures vanquished.

Vanquished Creatures (collateral kills)
  An unseen horror (D:10)
  2 wyverns (D:10)
  A basilisk (D:10)
  A steam dragon (D:9)
  3 orc warriors
  A sky beast (D:7)
  2 black bears
  A bullfrog (D:7)
  2 wights (D:7)
  3 killer bees (D:10)
  3 howler monkeys
  A crimson imp (D:7)
  An orc priest (D:9)
  An iguana (D:7)
  2 orc wizards
  An adder (D:6)
  A white imp (D:5)
  3 orcs
30 creatures vanquished.

Vanquished Creatures (others)
  2 hexers
  An orc (D:9)
  A bush (D:10)
  14 plants (D:10)
18 creatures vanquished.

Grand Total: 189 creatures vanquished

Notes
Turn   | Place    | Note
-------+----------+-------------------------------------------
     0 | D:1      | siradein the Troll Earth Elementalist began the quest for
                  | the Orb.
     0 | D:1      | Reached XP level 1. HP: 16/16 MP: 1/1
   112 | D:1      | Reached XP level 2. HP: 21/24 MP: 0/3
   171 | D:1      | Reached skill level 1 in Transmutations
   521 | D:1      | Reached skill level 3 in Earth Magic
   641 | D:2      | Reached XP level 3. HP: 31/31 MP: 4/4
   909 | D:2      | Identified the +10 rapier of Destruction {drain, rPois}
  1854 | D:3      | Identified the +0 robe of Distant Worlds {Str+6}
  2067 | D:3      | Reached XP level 4. HP: 34/39 MP: 5/5
  2081 | D:3      | Learned a level 2 spell: Passwall
  2085 | D:3      | Learned a level 3 spell: Stone Arrow
  2352 | D:4      | Found a runed translucent door.
  2353 | D:4      | Noticed Crazy Yiuf
  2493 | D:4      | Found a staircase to the Ecumenical Temple.
  2522 | Temple   | Entered the Ecumenical Temple
  2732 | Temple   | Became a worshipper of Hepliaklqana the Forgotten
  2808 | D:4      | Reached XP level 5. HP: 14/45 MP: 5/7
  3249 | D:5      | Entered Level 5 of the Dungeon
  3301 | D:4      | Killed Crazy Yiuf
  3359 | D:5      | Reached XP level 6. HP: 39/53 MP: 8/8
  3364 | D:5      | Reached skill level 4 in Earth Magic
  3705 | D:5      | Reached * piety under Hepliaklqana
  3731 | D:5      | Reached XP level 7. HP: 53/53 MP: 9/9
  4400 | D:6      | Reached ** piety under Hepliaklqana
  4401 | D:6      | Remembered your ancestor Master Baiter as a hexer
  4405 | D:6      | Learned a level 2 spell: Blink
  4505 | D:6      | Found Vejum's Book Emporium.
  4579 | D:6      | Noticed a wyvern
  4585 | D:6      | Killed a wyvern
  4586 | D:6      | Reached skill level 5 in Earth Magic
  4586 | D:6      | Reached XP level 8. HP: 43/61 MP: 8/11
  4688 | D:6      | Reached skill level 1 in Fighting
  4688 | D:6      | Reached skill level 1 in Translocations
  4974 | D:6      | Identified the +3 long sword "Daklari" {venom, Str+2}
  5265 | D:7      | Noticed Menkaure
  5272 | D:7      | Killed Menkaure
  5322 | D:7      | Noticed Cecur's ghost (novice OpTm)
  5335 | D:7      | Found a transporter.
  5413 | D:7      | Reached XP level 9. HP: 28/64 MP: 13/13
  5514 | D:7      | Found a transporter.
  5531 | D:7      | Found a shimmering altar of Xom.
  5784 | D:8      | Gained mutation: You have supernaturally acute eyesight.
                  | (SInv) [potion of mutation]
  5784 | D:8      | Gained mutation: You tend to lose your temper in combat.
                  | [potion of mutation]
  5785 | D:8      | Lost mutation: You have supernaturally acute eyesight.
                  | (SInv) [potion of mutation]
  5785 | D:8      | Lost mutation: You tend to lose your temper in combat.
                  | [potion of mutation]
  5785 | D:8      | Gained mutation: You are agile. (Dex +2) [potion of
                  | mutation]
  5785 | D:8      | Gained mutation: You are resistant to electric shocks.
                  | (rElec) [potion of mutation]
  5787 | D:8      | Reached *** piety under Hepliaklqana
  5806 | D:8      | Identified the +8 falchion of Faagh {flame, Fragile rN+
                  | Int+3 Dex+6}
  5986 | D:8      | Reached skill level 6 in Earth Magic
  6022 | D:8      | Reached skill level 5 in Dodging
  6081 | D:8      | Identified the +2 robe of Zealous Life {Int+3}
  6344 | D:9      | Noticed Psyche
  6353 | D:9      | Killed Psyche
  6383 | D:9      | Noticed Maurice
  6383 | D:9      | Paralysed by Maurice for 7 turns
  6407 | D:9      | Reached skill level 1 in Invocations
  6690 | D:9      | Noticed Joseph
  6771 | D:9      | Killed Joseph
  6919 | D:9      | Reached XP level 10. HP: 80/81 MP: 15/15
  7198 | D:9      | Found a staircase to the Orcish Mines.
  7348 | D:10     | Entered Level 10 of the Dungeon
  7442 | D:10     | Reached skill level 5 in Transmutations
  7909 | D:10     | Noticed a two-headed ogre
  7961 | D:9      | HP: 1/83 [vampire mosquito (9)]
  7961 | D:9      | Mangled by a vampire mosquito

Illustrated notes

Levels and vault maps discovered:
D:1:      heliophobic_arrival_dark_side_of_the_moon, layout_basic,
          minmay_indecisive_spiral
D:2:      layout_loops_corners, serial_aquarium, aquarium_bridge_straight
          [aquarium_subvault_bridge, aquarium_subvault_wall,
          aquarium_subvault_bridge, aquarium_subvault_window],
          aquarium_bridge_straight [aquarium_subvault_bridge,
          aquarium_subvault_wall, aquarium_subvault_bridge,
          aquarium_subvault_window], aquarium_window_1, aquarium_window_2,
          aquarium_window_corner, aquarium_view_2e, aquarium_view_2d,
          aquarium_balcony_1b, solitary_fountain
D:3:      layout_basic, minmay_randomly_rotated_circles
D:4:      layout_basic, minmay_temple_entry_proselytizer,
          uniq_crazy_yiuf_cottage
D:5:      layout_loops_cross, serial_co_window_serial, co_window_paths_a,
          co_window_corner_a, co_window_paths_a, co_window_paths_a,
          co_window_paths_a, co_window_cross_1, co_window_cross_1,
          co_window_paths_b, co_window_paths_b, co_window_broadway_b,
          co_window_corner_b, co_window_of_opportunity_b, co_window_corner_ca,
          co_window_corner_b, co_window_corner_b, glass_columns_a,
          glass_columns_a, glass_columns_a, glass_columns_a
D:6:      layout_layer_cave, serial_shops, nicolae_shop_crystal
D:7:      wander_river, layout_rooms, led_xom_imps, gammafunk_ghost_stat_death,
          uniq_menkaure
D:8:      layout_rooms
D:9:      layout_roguey, david_orc_4, chequers_serial_rivers_micro_b,
          uniq_maurice, uniq_psyche, uniq_joseph
D:10:     layout_basic, minmay_lair_entry_grove
Temple:   mainiacjoe_temple_starburst

Skill      XL: |  1  2  3  4  5  6  7  8  9 10 |
---------------+-------------------------------+-----
Transmutations | 1 2 3 4 5 |  5.2
Dodging        | 2 3 4 5 |  5.9
Earth Magic    | 3 4 5 6 |  6.9
Spellcasting   | 2 3 4 |  4.5
Fighting       | 2 3 4 |  4.3
Translocations | 2 3 |  3.8
Invocations    | 2 3 |  3.1
Stealth        | |  1.0

Action                   |  1- 3 |  4- 6 |  7- 9 | 10-12 || total
-------------------------+-------+-------+-------+-------++-------
Melee: Unarmed           |    47 |       |       |       ||    47
       Rapier            |    17 |    63 |    50 |       ||   130
       Whip              |     5 |    94 |       |       ||    99
       Punch             |     1 |     2 |     1 |     2 ||     6
       Long sword        |       |       |    62 |       ||    62
       Falchion          |       |       |    76 |   102 ||   178
 Cast: Sandblast         |     1 |       |     2 |       ||     3
       Stone Arrow       |       |       |       |     2 ||     2
Invok: Ancestor Identity |       |     1 |       |       ||     1
       Ancestor Life: He |       |       |     1 |       ||     1
  Use: Scroll            |       |     8 |     4 |     3 ||    15
       Potion            |       |       |     2 |       ||     2
 Stab: Sleeping          |       |     1 |     2 |       ||     3
       Distracted        |       |       |     4 |     4 ||     8
       Confused          |       |       |     2 |     3 ||     5
Armor: Robe              |    31 |    69 |    71 |    52 ||   223
Dodge: Dodged            |    47 |    77 |   108 |   138 ||   370

Table legend: (Time is in decaauts)
 A = Elapsed time spent in this place.
 B = Non-inter-level travel time spent in this place.
 C = Inter-level travel time spent in this place.
 D = Time resting spent in this place.
 E = Time spent auto-exploring this place.
 F = Levels seen in this place.
 G = Mean time per level.
                   A        B        C        D        E       F      G
               +--------+--------+--------+--------+--------+-----+--------+
         Total |   8093 |   7807 |    286 |    181 |   5904 |  11 |  735.7 |
       Dungeon |   7821 |   7535 |    286 |    181 |   5710 |  10 |  782.1 |
        Temple |    271 |    271 |      0 |      0 |    194 |   1 |  271.0 |
               +--------+--------+--------+--------+--------+-----+--------+

Top non-repeatable levels by time:
     D:9: 1094 daAuts
     D:5: 1054 daAuts
     D:2: 974 daAuts
     D:4: 844 daAuts
     D:6: 795 daAuts
     D:3: 648 daAuts
     D:7: 642 daAuts
    D:10: 630 daAuts
     D:1: 624 daAuts
     D:8: 512 daAuts
  Temple: 271 daAuts
